 Dungeon Crawl Stone Soup version 0.30-a0-365-ge7f957f1db (webtiles) character file.

Game seed: 1763627256411753931

46 mopl the Insei (level 3, -2/27 HPs)
             Began as a Djinni Transmuter on Nov 16, 2022.
             Killed by nerve-wracking pain
             ... invoked by Jessica
              (13 damage)
             ... on level 2 of the Dungeon.
             The game lasted 00:01:53 (1027 turns).

mopl the Insei (Djinni Transmuter)                  Turns: 1027, Time: 00:01:53

Health: -2/27      AC:  2    Str: 11    XL:     3   Next: 95%
Gold:   52         EV: 12    Int: 14    God:
                   SH:  5    Dex: 13

rFire   + + .      SeeInvis .      - Unarmed
rCold   x . .      Faith    .    (no shield)
rNeg    . . .      Spirit   .    a - +0 robe
rPois   ∞          Reflect  +    (no helmet)
rElec   .          Harm     .    (no cloak)
rCorr   .          Rampage  .    (no gloves)
Will    .....                    (boots unavailable)
Stlth   +.........               d - amulet of reflection
HPRegen 0.24/turn                (no ring)
MPRegen 0.00/turn                (no ring)

@: flying
A: sickness immunity, fire resistance 2, cold vulnerability 1, float, innate
caster, HP casting, extra vitality 1
a: no special abilities


You were on level 2 of the Dungeon.
You visited 1 branch of the dungeon, and saw 2 of its levels.

You collected 52 gold pieces.

Inventory:

Missiles
 e - 6 poisoned darts
 h - 6 boomerangs
 l - 5 atropa-tipped darts
Armour
 a - a +0 robe (worn)
Jewellery
 d - an amulet of reflection (around neck)
Scrolls
 f - a scroll of magic mapping {unknown}
 i - 3 scrolls of enchant weapon {unknown}
 j - a scroll of noise {unknown}
 k - a scroll of identify {unknown}
 m - a scroll of teleportation {unknown}
Potions
 b - a potion of lignification {!q}
 c - 2 potions of curing {unknown}
 g - a potion of ambrosia {unknown}
 n - a potion of mutation {unknown}
 o - a potion of might {unknown}


   Skills:
 - Level 1.0 Fighting
 - Level 2.1 Dodging
 * Level 4.1 Unarmed Combat
 + Level 2.1 Spellcasting


You couldn't memorise any spells.
You knew the following spells:

 Your Spells              Type           Power      Damage    Failure   Level
a - Beastly Appendage     Tmut           14%        N/A       10%         1
b - Wereblood             Tmut           7%         N/A       16%         2
c - Spider Form           Tmut/Pois      7%         N/A       30%         3
d - Ice Form              Ice/Tmut       7%         N/A       69%         4
e - Summon Small Mammal   Summ           28%        N/A       10%         1
Your spell library was empty.

Dungeon Overview and Level Annotations

Branches:
Dungeon (2/15)

Altars:

Annotations:
D:2 Jessica


Innate Abilities, Weirdness & Mutations

You are immune to sickness and miasma.
You are immune to poison.
Your flesh is very heat resistant. (rF++)
You are vulnerable to cold. (rC-)
You float through the air rather than walking.
You learn spells naturally, not from books.
Your magical power is your life essence.
You have superior vitality. (+4 MHP)


Message History

No target in view!
No target in view!
No target in view!
No target in view!
No target in view!
A rat comes into view.
Your horns disappear.
You hit the rat.
You kill the rat!
No target in view!
No target in view!
No target in view!
No target in view!
No target in view!
No target in view!
No target in view!
No target in view!
Found a hand axe.
A rat comes into view.
A rat is nearby!
A rat is nearby!
Jessica and a frilled lizard come into view.
Jessica shouts!
The frilled lizard hisses angrily.
Jessica casts a spell.
Jessica blinks!
Jessica points at you and mumbles some strange words.
Pain shoots through your body!
Jessica casts a spell.
Jessica blinks!
You miss the frilled lizard. You block the frilled lizard's attack.
You hit Jessica but do no damage. Jessica hits you with a +3 club.
You block the frilled lizard's attack.
Unknown command.
The rat bites you but does no damage. The rat barely misses you.
Jessica attacks as you move away! Jessica hits you with a +3 club.
Found a scroll labelled YNOD OC OSEU.
Jessica points at you and mumbles some strange words.
Pain shoots through your body!
You die...

#........# ......
#........##......
#.............#
###.......?.....##
#..................
#.............).#..
#...!...@.......#
####...rl......#
#.@.........#
#....########
#^...# .....#
....... ........?
#..........
#...#######.


You could see Jessica, a frilled lizard and a rat.

Vanquished Creatures
  An adder (D:2)
  A dart slug (D:1)
  4 ball pythons
  4 endoplasms
  2 giant cockroaches (D:1)
  2 goblins (D:1)
  4 hobgoblins (D:1)
  3 quokkas (D:1)
  A bat (D:1)
  3 frilled lizards (D:1)
  4 kobolds (D:1)
  4 rats
33 creatures vanquished.

Notes
Turn   | Place    | Note
-------+----------+-------------------------------------------
     0 | D:1      | mopl the Djinni Transmuter began the quest for the Orb.
     0 | D:1      | mopl set off with the following spells memorised: Beastly
                  | Appendage, Wereblood, Spider Form, Ice Form.
     0 | D:1      | Reached XP level 1. HP: 17/17 MP: 0/0
   114 | D:1      | Reached XP level 2. HP: 22/22 MP: 0/0
   287 | D:1      | Reached XP level 3. HP: 16/27 MP: 0/0
   287 | D:1      | Learned a level 1 spell: Summon Small Mammal
   505 | D:1      | Reached skill level 2 in Spellcasting
   908 | D:2      | Reached skill level 4 in Unarmed Combat
  1018 | D:2      | Noticed Jessica
  1027 | D:2      | Killed from afar by Jessica

Illustrated notes

Levels and vault maps discovered:
D:1:      dpeg_arrival_chambers_temple_mockup, layout_basic,
          minmay_misc_feat_roman
D:2:      layout_basic, minmay_misc_feat_rows, uniq_jessica

Skill      XL: |  1  2  3 |
---------------+----------+-----
Spellcasting   | 2 |  2.1
Unarmed Combat | 4 |  4.1
Fighting       | |  1.0
Dodging        | |  2.1

Action                   || total
-------------------------++-------
Melee: Unarmed           ||   108
       Headbutt          ||    13
       Punch             ||     1
 Cast: Beastly Appendage ||    19
 Stab: Sleeping          ||     1
Armor: Robe              ||    13
Dodge: Dodged            ||    49
Block: Other             ||    16
       Reflection        ||     1

Table legend: (Time is in decaauts)
 A = Elapsed time spent in this place.
 B = Non-inter-level travel time spent in this place.
 C = Inter-level travel time spent in this place.
 D = Time resting spent in this place.
 E = Time spent auto-exploring this place.
 F = Levels seen in this place.
 G = Mean time per level.
                   A        B        C        D        E       F      G
               +--------+--------+--------+--------+--------+-----+--------+
         Total |   1018 |   1006 |     12 |      0 |    777 |   2 |  509.0 |
       Dungeon |   1018 |   1006 |     12 |      0 |    777 |   2 |  509.0 |
               +--------+--------+--------+--------+--------+-----+--------+

Top non-repeatable levels by time:
     D:1: 853 daAuts
     D:2: 164 daAuts
